[Event "*** SCC Grand Prix: Titled Tuesday Blitz"]
[Site "Chess.com"]
[Date "2020.07.21"]
[Round "6"]
[White "Vandros57"]
[Black "Chuchofrio1"]
[Result "1-0"]
[WhiteElo "2116"]
[BlackElo "2271"]
[TimeControl "180+1"]
[EndTime "11:09:50 PDT"]
[Termination "Vandros57 won by checkmate"]

1. c4 e6 2. Nc3 Nf6 3. d4 d5 4.
cxd5 exd5 5. Bg5 c6 6. e3 Be7 7.
Bd3 Nbd7 8. Qc2 Nh5 9. Bxe7 Qxe7 10. Nge2 g6 11. O-O-O Nb6 12. Kb1 Ng7 13. h3 Bf5 14.
g4 Bxd3 15. Qxd3 O-O-O 16. Rc1 Nc4 17. b3 Nb6 18. Kb2 h5 19. Nf4 hxg4 20. hxg4 Ne6 21. Nxe6 Qxe6 22. g5 Rh3 23. Rxh3 Qxh3 24. f4 Re8 25.
Re1 Qg3 26. Qd2 Rh8 27. a4 Rh2 28. Re2 Rh1 29. a5 Nd7 30. Qc2 Qg1 31. b4 Qa1+ 32.
Kb3 Rc1 33. Qb2 Kc7 34. Qxa1 Rxa1 35. Na4 Rb1+ 36. Kc3 Kd6 37. Nc5 b6 38. Nxd7 Kxd7 39. axb6 axb6 40. Ra2 Rc1+ 41. Kd3 Rd1+ 42. Kc3 Rb1 43.
Ra7+ Ke6 44. Rc7 c5 45. bxc5 bxc5 46. dxc5 Rc1+ 47. Kd4 Rc4+ 48. Kd3 Ra4 49. Rc6+ Ke7 50. Rf6 Re4 51. c6 Rc4 52. c7 Rxc7 53. Ra6 Rd7 54. Kd4 Rd8 55. Ke5 Rd7 56. Rb6 Kf8 57. Rd6 Re7+ 58.
Kd4 Re4+ 59. Kd3 Ra4 60. Rxd5 Ra3+ 61. Ke2 Ra2+ 62. Kf3 Ra1 63. Rd8+ Ke7 64. Rd5 Rf1+ 65. Ke4 Rb1 66. Ke5 Rb6 67. e4 Re6+ 68. Kd4 Ra6 69. f5 Ra4+ 70. Ke5 gxf5 71. exf5 Rg4 72. f6+ Ke8 73. Kf5 Rg1 74. Ra5 Rf1+ 75. Kg4 Rg1+ 76. Kh5 Rf1 77. Kh6 Rh1+ 78. Kg7 Rg1 79. Re5+ Kd8 80.
Kxf7 Rf1 81. g6 Rf3 82. Rd5+ Kc7 83. g7 Rg3 84. g8=Q Rxg8 85. Kxg8 Kc6 86. f7 Kxd5 87. f8=Q Kd4 88. Qf5 Kc3 89. Qe4 Kb3 90. Qd5+ Kb2 91. Qd4+ Kb3 92. Qd3+ Kb4 93. Kf7 Kc5 94. Ke6 Kb6 95. Ke5 Kc7 96. Qc4+ Kd7 97. Qd5+ Ke7 98. Qd6+ Kf7 99. Qd7+ Kg6 100. Qe6+ Kh5 101. Qf6 Kg4 102. Ke4 Kg3 103. Qf1 Kg4 104. Qg2+ Kh5 105. Qg3 Kh6 106. Qg4 Kh7 107. Kf5 Kh8 108. Kf6 Kh7 109. Qh5+ Kg8 110. Qg6+ Kf8 111. Qg7+ Ke8 112. Qe7# 1-0

[Event "*** SCC Grand Prix: Titled Tuesday Blitz"]
[Site "Chess.com"]
[Date "2020.07.21"]
[Round "6"]
[White "Klaus1995"]
[Black "Zarinur"]
[Result "0-1"]
[WhiteElo "1889"]
[BlackElo "2098"]
[TimeControl "180+1"]
[EndTime "11:10:02 PDT"]
[Termination "Zarinur won by checkmate"]

1. e4 e5 2. Nf3 Nc6 3. Bc4 Bc5 4. c3 Nf6 5. d3 h6 6. Be3 d6 7. h3 O-O 8. O-O Bb6 9. Nbd2 Be6 10.
Re1 Qe7 11. a4 Nh7 12. b4 Bxe3 13. Rxe3 f5 14. exf5 Rxf5 15. d4 Bxc4 16. Nxc4 e4 17.
d5 Nd8 18. Nfd2 Rxd5 19. Rxe4 Qxe4 20. Nxe4 Rxd1+ 21. Rxd1 Nf7 22. Na5 b6 23. Nc6 Re8 24. f3 a6 25. Nd4 Nf8 26. b5 a5 27. Kf2 Ne6 28. Nxe6 Rxe6 29. c4 Ne5 30. Rd4 Kf8 31.
f4 Nd3+ 32. Kf3 Nb4 33. g4 Kf7 34. g5 Re8 35. h4 hxg5 36. hxg5 Kg6 37. Kg4 Nc2 38.
f5+ Kf7 39. Nxd6+ cxd6 40. Rxd6 Ne3+ 41. Kf4 Nxc4 42. Rc6 Nd2 43. Rxb6 Re4+ 44. Kg3 Rxa4 45. Rb7+ Kf8 46. Ra7 Ne4+ 47. Kf4 Nd6+ 48. Ke5 Nxb5 49.
Ra8+ Kf7 50. g6+ Ke7 51. Rb8 Nc7 52. Rb7 Kd7 53. f6 gxf6+ 54. Kxf6 Kc6 55. Ra7 Nd5+ 56. Ke6 Nf4+ 57. Kf6 Kb6 58. Ra8 Nxg6 59. Kxg6 Re4 60. Kf5 Re1 61. Rb8+ Kc5 62. Rc8+ Kb4 63. Rb8+ Ka3 64.
Rb5 a4 65. Kf4 Ka2 66. Kf3 a3 67. Kf2 Rb1 68. Ra5 Rb3 69. Ke2 Kb1 70. Kd2 a2 71. Rh5 a1=Q 72. Rh1+ Kb2 73. Rxa1 Kxa1 74. Kc2 Rb8 75. Kd3 Kb2 76. Kc4 Rb7 77. Kd5 Rc7 78. Ke6 Rc5 79. Kd6 Rh5 80. Ke6 Kc3 81. Kd6 Ra5 82.
Kc6 Rh5 83. Kd6 Kc4 84. Ke6 Kd4 85. Kf6 Ke4 86. Kg6 Ra5 87. Kf6 Rb5 88. Kg6 Kf4 89. Kf6 Rb6+ 90. Ke7 Kf5 91. Kd7 Ke5 92. Kc7 Rh6 93.
Kb7 Kd5 94. Ka7 Kc5 95. Kb7 Rg6 96. Ka7 Kb5 97. Kb7 Rg7+ 98. Kc8 Kb6 99. Kd8 Kc6 100. Ke8 Kd6 101. Kf8 Ra7 102. Kg8 Ke6 103. Kh8 Kf6 104. Kg8 Rb7 105. Kh8 Kg6 106. Kg8 Rb8# 0-1

[Event "*** SCC Grand Prix: Titled Tuesday Blitz"]
[Site "Chess.com"]
[Date "2020.07.21"]
[Round "7"]
[White "Falia-p"]
[Black "CroissantNeuf"]
[Result "0-1"]
[WhiteElo "2315"]
[BlackElo "2447"]
[TimeControl "180+1"]
[EndTime "11:11:47 PDT"]
[Termination "CroissantNeuf won by checkmate"]

1. e4 c6 2. Nc3 d5 3. Nf3 dxe4 4. Nxe4 Nf6 5. Nxf6+ exf6 6. d4 Bd6 7. Bd3 O-O 8. O-O Bg4 9. h3 Bh5 10. c3 Re8 11.
Be3 Nd7 12. Re1 Nf8 13. Rc1 Bc7 14. Be2 Qd6 15. g3 Rxe3 16. fxe3 Qxg3+ 17. Kh1 Bxf3+ 18. Bxf3 Qh2# 0-1

[Event "*** SCC Grand Prix: Titled Tuesday Blitz"]
[Site "Chess.com"]
[Date "2020.07.21"]
[Round "7"]
[White "KuzubovYuriy"]
[Black "IwkooO"]
[Result "1-0"]
[WhiteElo "2839"]
[BlackElo "2631"]
[TimeControl "180+1"]
[EndTime "11:12:08 PDT"]
[Termination "KuzubovYuriy won by resignation"]

1. d4 Nf6 2. c4 e6 3. Nf3 Bb4+ 4.
Bd2 Qe7 5. g3 Nc6 6. Nc3 Bxc3 7.
Bxc3 Ne4 8. Rc1 Nxc3 9. Rxc3 O-O 10.
Bg2 d6 11. d5 Ne5 12. Nd4 Nd7 13.
dxe6 fxe6 14. Nxe6 Re8 15. Nxc7 1-0

[Event "*** SCC Grand Prix: Titled Tuesday Blitz"]
[Site "Chess.com"]
[Date "2020.07.21"]
[Round "7"]
[White "PavelShkapenko"]
[Black "Tactictic"]
[Result "1-0"]
[WhiteElo "2637"]
[BlackElo "2393"]
[TimeControl "180+1"]
[EndTime "11:12:10 PDT"]
[Termination "PavelShkapenko won by resignation"]

1. e4 c5 2. c3 Nf6 3. e5 Nd5 4. d4 cxd4 5. cxd4 Nc6 6. Nc3 Nxc3 7. bxc3 d6 8. Nf3 dxe5 9. d5 Na5 10. Bb5+ Bd7 11. Qa4 b6 12. Nxe5 1-0

[Event "*** SCC Grand Prix: Titled Tuesday Blitz"]
[Site "Chess.com"]
[Date "2020.07.21"]
[Round "7"]
[White "Brave_spirit12"]
[Black "markberk"]
[Result "1/2-1/2"]
[WhiteElo "2491"]
[BlackElo "2349"]
[TimeControl "180+1"]
[EndTime "11:12:21 PDT"]
[Termination "Game drawn by repetition"]

1. e4 e5 2. Nf3 Nc6 3. Bc4 Nf6 4. O-O Nxe4 5. d4 d5 6. Bb5 exd4 7. Nxd4 Bd7 8. Bxc6 bxc6 9. Re1 Bd6 10. f3 Bxh2+ 11. Kxh2 Qh4+ 12. Kg1 Qf2+ 13. Kh2 Qh4+ 14. Kg1 Qf2+ 15.
Kh2 Qh4+ 1/2-1/2

[Event "*** SCC Grand Prix: Titled Tuesday Blitz"]
[Site "Chess.com"]
[Date "2020.07.21"]
[Round "7"]
[White "ichangedmyname_yup"]
[Black "harlem4brew"]
[Result "1-0"]
[WhiteElo "2328"]
[BlackElo "2108"]
[TimeControl "180+1"]
[EndTime "11:12:21 PDT"]
[Termination "ichangedmyname_yup won by resignation"]

1. e4 c5 2. Nf3 Nc6 3. d4 cxd4 4. Nxd4 Nf6 5. Nc3 d5 6. Bb5 Qd6 7. exd5 Nxd5 8. Nxc6 bxc6 9. Qxd5 cxb5 10. Qxa8 b4 11. Qxc8+ 1-0

[Event "*** SCC Grand Prix: Titled Tuesday Blitz"]
[Site "Chess.com"]
[Date "2020.07.21"]
[Round "7"]
[White "ikhasu"]
[Black "RestartingChess"]
[Result "0-1"]
[WhiteElo "2385"]
[BlackElo "2522"]
[TimeControl "180+1"]
[EndTime "11:12:31 PDT"]
[Termination "RestartingChess won by resignation"]

1. e4 d5 2. exd5 Qxd5 3. d4 Nf6 4. Nc3 Qd6 5. Nf3 Nc6 6. Nb5 Qd8 7. Bf4 Nd5 8. Bg3 a6 9. Na3 Bg4 10. c3 e6 11. h3 Bh5 12. Be2 Bxa3 13. bxa3 Nxc3 14. Qb3 Nxe2 15. Qxb7 Bxf3 16. gxf3 Nexd4 17. Bxc7 Qc8 0-1

[Event "*** SCC Grand Prix: Titled Tuesday Blitz"]
[Site "Chess.com"]
[Date "2020.07.21"]
[Round "7"]
[White "crazychessbr"]
[Black "Chuchofrio1"]
[Result "1-0"]
[WhiteElo "2120"]
[BlackElo "2260"]
[TimeControl "180+1"]
[EndTime "11:12:41 PDT"]
[Termination "crazychessbr won by resignation"]

1. e4 c5 2. d3 Nc6 3. g3 g6 4. Bg2 Bg7 5. f4 d6 6. Nf3 e6 7. O-O Nd4 8. c3 Nxf3+ 9. Qxf3 Ne7 10. Qf2 O-O 11. Be3 Nc6 12. Na3 Rb8 13. d4 cxd4 14.
cxd4 f5 15. e5 dxe5 16. dxe5 Qe7 17. Bc5 Qf7 18. Bxf8 Bxf8 19. Nc4 Bb4 20. a3 Be7 21. Nd6 Qe8 22. Nxe8 1-0

[Event "*** SCC Grand Prix: Titled Tuesday Blitz"]
[Site "Chess.com"]
[Date "2020.07.21"]
[Round "7"]
[White "ural58"]
[Black "jb2mix"]
[Result "0-1"]
[WhiteElo "2533"]
[BlackElo "2683"]
[TimeControl "180+1"]
[EndTime "11:13:06 PDT"]
[Termination "jb2mix won by resignation"]

1. e4 e5 2. f4 Bc5 3. Nf3 d6 4. c3 Nf6 5. fxe5 dxe5 6. Nxe5 Nxe4 7. d4 Qh4+ 8. g3 Nxg3 9. hxg3 Qxh1 10. dxc5 O-O 11.
Qf3 Qh2 12. Qf2 Qh5 13. Bf4 Re8 14. Qe2 Bg4 15. Qe3 Nc6 0-1

[Event "*** SCC Grand Prix: Titled Tuesday Blitz"]
[Site "Chess.com"]
[Date "2020.07.21"]
[Round "7"]
[White "exoticprincess"]
[Black "BilguunSu"]
[Result "0-1"]
[WhiteElo "2829"]
[BlackElo "2660"]
[TimeControl "180+1"]
[EndTime "11:13:28 PDT"]
[Termination "BilguunSu won by resignation"]

1. e4 c5 2. Nc3 e6 3. g3 Nc6 4.
Bg2 g6 5. Nge2 Bg7 6. O-O Nge7 7. d3 O-O 8. Be3 d6 9. Qd2 Nd4 10. Rae1 Rb8 11. Nd1 Nxe2+ 12. Rxe2 b5 13. Bh6 b4 14. Bxg7 Kxg7 15. f4 a5 16. Ne3 f5 17. Nc4 fxe4 18. dxe4 Ba6 19. b3 Bxc4 20. bxc4 Nc6 21. e5 Nd4 22. Re4 dxe5 23. Qe3 exf4 24. Rexf4 Qd6 25.
R1f2 Rxf4 26. gxf4 Rf8 27. Qe4 Rxf4 0-1

[Event "*** SCC Grand Prix: Titled Tuesday Blitz"]
[Site "Chess.com"]
[Date "2020.07.21"]
[Round "7"]
[White "aa175"]
[Black "PavelChernomordik"]
[Result "1-0"]
[WhiteElo "2492"]
[BlackElo "2355"]
[TimeControl "180+1"]
[EndTime "11:13:48 PDT"]
[Termination "aa175 won by resignation"]

1. d4 g6 2. Bf4 Bg7 3. e3 d6 4. Nf3 Nd7 5. Bc4 e5 6. dxe5 dxe5 7. Bg5 f6 8. Bh4 Qe7 9. Nc3 c6 10. Ne4 Bf8 11. c3 Nh6 12. Qe2 Nf5 13. O-O-O Qg7 14. Rxd7 Bxd7 15. Nxf6+ Kd8 16. Nh5+ Nxh4 17. Nxg7 Nxf3 18.
Qxf3 Bxg7 19. Qf7 1-0

[Event "*** SCC Grand Prix: Titled Tuesday Blitz"]
[Site "Chess.com"]
[Date "2020.07.21"]
[Round "7"]
[White "Susal_De_Silva"]
[Black "dolynachess"]
[Result "1-0"]
[WhiteElo "2333"]
[BlackElo "2448"]
[TimeControl "180+1"]
[EndTime "11:13:49 PDT"]
[Termination "Susal_De_Silva won by resignation"]

1. e4 c5 2. Nf3 d6 3. Bb5+ Bd7 4. Bxd7+ Qxd7 5. c4 Nc6 6. Nc3 g6 7. d4 cxd4 8. Nxd4 Bg7 9. Be3 Nf6 10. f3 O-O 11. O-O Rfc8 12. b3 a6 13. Na4 Qd8 14. Qd2 Nd7 15.
Rac1 Rab8 16. Nxc6 Rxc6 17. Bd4 Rbc8 18. Bxg7 Kxg7 19. Nc3 b5 20. cxb5 axb5 21. Kh1 Qc7 22.
Ne2 Qa7 23. Rxc6 Rxc6 24. Qd4+ Qxd4 25. Nxd4 Rc2 26. Nxc2 1-0

[Event "*** SCC Grand Prix: Titled Tuesday Blitz"]
[Site "Chess.com"]
[Date "2020.07.21"]
[Round "7"]
[White "Caterpiller35"]
[Black "monalize"]
[Result "1-0"]
[WhiteElo "2442"]
[BlackElo "2266"]
[TimeControl "180+1"]
[EndTime "11:13:53 PDT"]
[Termination "Caterpiller35 won by resignation"]

1. d4 d6 2. e4 Nf6 3. Nc3 g6 4. f3 c6 5. Be3 b5 6. Qd2 Nbd7 7. h4 h5 8. Nh3 Bg7 9. Ng5 Qc7 10. O-O-O b4 11.
Ne2 Rb8 12. Nf4 Qa5 13. Kb1 O-O 14. Bc4 d5 15. Bb3 Nb6 16. e5 Ne8 17. e6 f6 18.
Nxg6 fxg5 19. Nxe7+ Kh8 20. Nxc6 1-0

[Event "*** SCC Grand Prix: Titled Tuesday Blitz"]
[Site "Chess.com"]
[Date "2020.07.21"]
[Round "7"]
[White "Harry_Rakkel"]
[Black "MidnightFox"]
[Result "1-0"]
[WhiteElo "2543"]
[BlackElo "2389"]
[TimeControl "180+1"]
[EndTime "11:13:58 PDT"]
[Termination "Harry_Rakkel won by resignation"]

1. e4 e5 2. Nf3 Nc6 3. Bb5 a6 4.
Ba4 Nf6 5. O-O b5 6. Bb3 Bc5 7.
d3 d6 8. a4 Rb8 9. axb5 axb5 10.
Bg5 h6 11. Bh4 g5 12. Bg3 h5 13. h4 Bg4 14. c3 Qe7 15. Nbd2 Rg8 16. hxg5 Nh7 17. Bh4 Nxg5 18. Kh1 f6 19. Bxg8 1-0

[Event "*** SCC Grand Prix: Titled Tuesday Blitz"]
[Site "Chess.com"]
[Date "2020.07.21"]
[Round "7"]
[White "MashaFromRussia"]
[Black "BikingBrian"]
[Result "1/2-1/2"]
[WhiteElo "2384"]
[BlackElo "2219"]
[TimeControl "180+1"]
[EndTime "11:14:06 PDT"]
[Termination "Game drawn by repetition"]

1. d4 Nf6 2. c4 g6 3. Nf3 Bg7 4. g3 O-O 5. Bg2 d6 6. O-O c6 7. Nc3 Qa5 8. e4 Bg4 9. h3 Bxf3 10. Bxf3 e5 11. d5 cxd5 12. cxd5 Rc8 13. a3 Nbd7 14. b4 Qd8 15. Bd2 Nb6 16. Qb3 Nc4 17. Bg5 h6 18.
Bc1 a5 19. Be2 axb4 20. Bxc4 bxc3 21. Bd3 Nd7 22. Be3 Nc5 23. Qxc3 Nxe4 24. Qb4 Nc5 25. Be2 Ra4 26. Qb5 Ra5 27. Qb4 Ra4 28. Qb5 Ra5 29.
Qb4 Ra4 1/2-1/2

[Event "*** SCC Grand Prix: Titled Tuesday Blitz"]
[Site "Chess.com"]
[Date "2020.07.21"]
[Round "7"]
[White "Larina_Marija"]
[Black "petroniy_arbitr"]
[Result "0-1"]
[WhiteElo "2103"]
[BlackElo "2263"]
[TimeControl "180+1"]
[EndTime "11:14:08 PDT"]
[Termination "petroniy_arbitr won by resignation"]

1. e4 e6 2. d4 d5 3. Nc3 Bb4 4.
exd5 exd5 5. Bd3 Nc6 6. Ne2 Qh4 7. O-O Nf6 8. Bf4 O-O 9. Bxc7 Bg4 10. f3 Bd7 11. Bg3 Qh6 12. a3 Bxc3 13. bxc3 Rac8 14.
c4 Na5 15. cxd5 Nxd5 16. Be4 Ne3 17. Qd2 Nxf1 18. Rxf1 Qxd2 0-1

[Event "*** SCC Grand Prix: Titled Tuesday Blitz"]
[Site "Chess.com"]
[Date "2020.07.21"]
[Round "7"]
[White "Eliwood44"]
[Black "Agnes66678"]
[Result "1-0"]
[WhiteElo "2332"]
[BlackElo "2452"]
[TimeControl "180+1"]
[EndTime "11:14:09 PDT"]
[Termination "Eliwood44 won by resignation"]

1. d4 Nf6 2. Nf3 g6 3. Nc3 Bg7 4. e4 d6 5. h3 O-O 6. Be3 Nbd7 7. e5 Ne8 8. Bc4 c5 9. e6 fxe6 10. Bxe6+ Kh8 11. Ng5 Ndf6 12. Nf7+ Rxf7 13. Bxf7 e6 14. Bxe8 Qxe8 15. dxc5 d5 16. O-O Bd7 17. Bd4 e5 18.
Re1 e4 19. Bxf6 Bxf6 20. Nxd5 Be5 21. Kh1 Bc6 22. Rxe4 Qe6 23. c4 Qf5 24. Qe2 Bg7 25.
Re1 Rf8 26. Rf4 Qd7 27. Rxf8+ Bxf8 28. Qe5+ 1-0

[Event "*** SCC Grand Prix: Titled Tuesday Blitz"]
[Site "Chess.com"]
[Date "2020.07.21"]
[Round "7"]
[White "chessdjw"]
[Black "pastouche06"]
[Result "1-0"]
[WhiteElo "2677"]
[BlackElo "2523"]
[TimeControl "180+1"]
[EndTime "11:14:17 PDT"]
[Termination "chessdjw won by resignation"]

1. c4 Nf6 2. Nc3 e6 3. e4 d5 4. e5 d4 5. exf6 dxc3 6. bxc3 Qxf6 7. Nf3 e5 8. d4 exd4 9. cxd4 Bb4+ 10. Bd2 Bxd2+ 11.
Qxd2 O-O 12. Be2 Bg4 13. O-O Nc6 14. Rad1 Rfe8 15. h3 Bxf3 16. Bxf3 Rad8 17. Bd5 Nxd4 18. Qxd4 Qxd4 19. Rxd4 c6 20. Rb1 Rd7 21. Bxc6 1-0

[Event "*** SCC Grand Prix: Titled Tuesday Blitz"]
[Site "Chess.com"]
[Date "2020.07.21"]
[Round "7"]
[White "Fandorine"]
[Black "ManuDavid2910"]
[Result "1-0"]
[WhiteElo "2929"]
[BlackElo "2698"]
[TimeControl "180+1"]
[EndTime "11:14:18 PDT"]
[Termination "Fandorine won by resignation"]

1. e4 c5 2. Nf3 Nc6 3. Bb5 e6 4. Bxc6 bxc6 5. b3 d5 6. d3 c4 7. dxc4 Ba6 8. O-O Nf6 9. e5 Nd7 10. Re1 dxc4 11. Ba3 Be7 12. Bxe7 Qxe7 13. Nc3 O-O 14. Ne4 Nb6 15. Qd6 Qe8 16. Qa3 Bb7 17.
Qc5 Ba6 18. h4 Rd8 19. Qa5 Bc8 20. Qxa7 Nd5 21. Nd6 1-0

[Event "*** SCC Grand Prix: Titled Tuesday Blitz"]
[Site "Chess.com"]
[Date "2020.07.21"]
[Round "7"]
[White "JiiHart"]
[Black "nitpicker"]
[Result "1-0"]
[WhiteElo "2095"]
[BlackElo "2203"]
[TimeControl "180+1"]
[EndTime "11:14:18 PDT"]
[Termination "JiiHart won by resignation"]

1. e4 c5 2. Nf3 Nc6 3. d4 cxd4 4. Nxd4 Nf6 5. Nc3 d6 6. Bg5 e6 7. f4 h6 8. Bh4 Nxe4 9. Bxd8 Nxc3 10. bxc3 Nxd8 11. Be2 Be7 12. O-O O-O 13. Bf3 d5 14. Rb1 b6 15. Qe2 Bc5 16. Kh1 Bd7 17. f5 Re8 18.
fxe6 fxe6 19. Bh5 Re7 20. Qf3 Nb7 21. Rbe1 Nd6 22. Nxe6 Ne4 23. Nxc5 bxc5 24. Bf7+ 1-0

[Event "*** SCC Grand Prix: Titled Tuesday Blitz"]
[Site "Chess.com"]
[Date "2020.07.21"]
[Round "7"]
[White "kallerotmg"]
[Black "gagtemp"]
[Result "1-0"]
[WhiteElo "2146"]
[BlackElo "1965"]
[TimeControl "180+1"]
[EndTime "11:14:23 PDT"]
[Termination "kallerotmg won by resignation"]

1. d4 d5 2. Bg5 h6 3. Bf4 Nf6 4. e3 e6 5. Bd3 c5 6. c3 Nc6 7.
Nd2 Bd6 8. Bg3 O-O 9. Ngf3 b6 10. Ne5 Bb7 11. f4 Ne7 12. Bh4 Nf5 13. Bxf6 Qxf6 14. Qf3 Be7 15. g4 Nd6 16. h4 c4 17.
g5 hxg5 18. hxg5 cxd3 19. gxf6 Bxf6 20. Qh5 1-0

[Event "*** SCC Grand Prix: Titled Tuesday Blitz"]
[Site "Chess.com"]
[Date "2020.07.21"]
[Round "7"]
[White "zaur-mammadov"]
[Black "MergenKakabaev"]
[Result "1-0"]
[WhiteElo "2668"]
[BlackElo "2498"]
[TimeControl "180+1"]
[EndTime "11:14:24 PDT"]
[Termination "zaur-mammadov won by resignation"]

1. e4 e5 2. Nf3 Nc6 3. Nc3 Nf6 4. Be2 Bc5 5. Nxe5 Nxe5 6. d4 Bd6 7. dxe5 Bxe5 8. Nb5 a6 9. f4 axb5 10. fxe5 Nxe4 11.
Qd4 Ng5 12. O-O Ne6 13. Qe4 O-O 14. Bd3 g6 15. Bh6 Ng7 16. Rf6 d5 17. Qd4 Be6 18. Raf1 Rxa2 19. h4 c6 20. h5 Nxh5 21. Rxe6 1-0

[Event "*** SCC Grand Prix: Titled Tuesday Blitz"]
[Site "Chess.com"]
[Date "2020.07.21"]
[Round "7"]
[White "Quiet_Desperation"]
[Black "dopolian"]
[Result "0-1"]
[WhiteElo "2233"]
[BlackElo "2422"]
[TimeControl "180+1"]
[EndTime "11:14:31 PDT"]
[Termination "dopolian won by resignation"]

1. d4 Nf6 2. Nf3 g6 3. c4 c5 4. Nc3 cxd4 5. Qxd4 Bg7 6. Bg5 O-O 7. O-O-O Nc6 8.
Qd2 d6 9. Bh6 Bf5 10. Bxg7 Kxg7 11. h3 Rc8 12. g4 Ne4 13. Nxe4 Bxe4 14. Rg1 Ne5 15. Nxe5 dxe5 16. e3 Bf3 17. Qxd8 Rfxd8 18. Rxd8 Rxd8 19. Kc2 Rd1 20. Be2 Rxg1 21. Bxf3 b6 22. b4 Rf1 23. Kb3 Rxf2 24. Bb7 Kf8 25. c5 bxc5 26.
bxc5 Ke8 27. a4 Re2 28. Kc4 Rxe3 29. Kb5 Kd7 30. Ka6 Kc7 31. c6 Ra3 32. a5 e4 0-1

[Event "*** SCC Grand Prix: Titled Tuesday Blitz"]
[Site "Chess.com"]
[Date "2020.07.21"]
[Round "7"]
[White "icychess54"]
[Black "michaelshahade"]
[Result "1-0"]
[WhiteElo "2267"]
[BlackElo "2034"]
[TimeControl "180+1"]
[EndTime "11:14:31 PDT"]
[Termination "icychess54 won by resignation"]

1. c4 c5 2. Nf3 g6 3. Nc3 Bg7 4. d4 cxd4 5. Nxd4 Nc6 6. e3 Nf6 7. Be2 O-O 8. O-O Nxd4 9. exd4 d5 10. c5 a5 11. Bf4 Bd7 12. Bf3 Bc6 13. a4 Ne4 14. Bxe4 dxe4 15. d5 Bxc3 16. dxc6 e5 17.
cxb7 Rb8 18. Qxd8 Rfxd8 19. bxc3 exf4 20. c6 Rd3 21. c7 1-0

[Event "*** SCC Grand Prix: Titled Tuesday Blitz"]
[Site "Chess.com"]
[Date "2020.07.21"]
[Round "7"]
[White "bazar-wokzal"]
[Black "grandcoach"]
[Result "1-0"]
[WhiteElo "2415"]
[BlackElo "2124"]
[TimeControl "180+1"]
[EndTime "11:14:32 PDT"]
[Termination "bazar-wokzal won on time"]

1. e4 c5 2. c3 Nf6 3. e5 Nd5 4. d4 cxd4 5. cxd4 d6 6. Bc4 e6 7. Nf3 Nc6 8. Qe2 dxe5 9. dxe5 Bb4+ 10. Bd2 O-O 11. Nc3 Bxc3 12. bxc3 Nce7 13. Bd3 Bd7 14. Bxh7+ Kxh7 15. Ng5+ Kg6 16. h4 1-0

[Event "*** SCC Grand Prix: Titled Tuesday Blitz"]
[Site "Chess.com"]
[Date "2020.07.21"]
[Round "7"]
[White "Ermito2020"]
[Black "Anton_Demchenko"]
[Result "0-1"]
[WhiteElo "2593"]
[BlackElo "2830"]
[TimeControl "180+1"]
[EndTime "11:14:33 PDT"]
[Termination "Anton_Demchenko won by resignation"]

1. e4 e5 2. Nf3 Nc6 3. d4 exd4 4. Bc4 Nf6 5. O-O Nxe4 6. Re1 d5 7. Bxd5 Qxd5 8.
Nc3 Qh5 9. Nxe4 Be6 10. Bg5 h6 11.
Bf6 Qg6 12. Bh4 Bb4 13. c3 dxc3 14. bxc3 Ba5 15. Rb1 Bb6 16. c4 O-O 17. c5 Ba5 18. Re3 Bf5 19. Qa4 Rae8 20. Rxb7 Rxe4 21. Qxc6 Qxc6 0-1

[Event "*** SCC Grand Prix: Titled Tuesday Blitz"]
[Site "Chess.com"]
[Date "2020.07.21"]
[Round "7"]
[White "AniJak"]
[Black "Karacsonyi_Gellert"]
[Result "0-1"]
[WhiteElo "2308"]
[BlackElo "2460"]
[TimeControl "180+1"]
[EndTime "11:14:41 PDT"]
[Termination "Karacsonyi_Gellert won by resignation"]

1. e4 c5 2. Nc3 g6 3. g3 Bg7 4. Bg2 Nc6 5. d3 d6 6. Nh3 e5 7. O-O Nge7 8. f4 O-O 9. f5 gxf5 10. exf5 Bxf5 11. Rxf5 Nxf5 12. Qh5 Qf6 13. Be4 Ncd4 14. Nd5 Qg6 15. Qxg6 hxg6 16. c3 Ne2+ 17. Kg2 Nxc1 18.
Rxc1 Rae8 19. Ng5 b6 20. Rf1 f6 21. Nh3 Ne7 22. Nxe7+ Rxe7 23. Bxg6 d5 24. g4 e4 25. dxe4 dxe4 26. Re1 Rd8 27. Bxe4 Rd2+ 28. Kg3 Rxb2 29. a4 f5 30. gxf5 Bxc3 31. Re3 Bd2 32. Re2 Bf4+ 33. Nxf4 Rxe2 34. Bd5+ Kg7 35. Nxe2 Rxe2 36. h4 Rd2 37. Be6 Rd4 0-1

[Event "*** SCC Grand Prix: Titled Tuesday Blitz"]
[Site "Chess.com"]
[Date "2020.07.21"]
[Round "7"]
[White "Danfii"]
[Black "m_ezat"]
[Result "0-1"]
[WhiteElo "2364"]
[BlackElo "2579"]
[TimeControl "180+1"]
[EndTime "11:14:46 PDT"]
[Termination "m_ezat won by resignation"]

1. e4 c6 2. d4 d5 3. e5 c5 4.
dxc5 Nc6 5. Nf3 Bg4 6. c3 e6 7. Be3 Nge7 8. Nbd2 Nf5 9. Bd4 Nfxd4 10. cxd4 Qa5 11. a3 Bxf3 12. Qxf3 Nxd4 13. Qd3 Qxc5 14. b4 Qb6 15. Nb3 Nxb3 16. Qxb3 Be7 17. Qa4+ Kf8 18. Be2 g6 19. O-O Kg7 20. Rac1 Bg5 21. Rc5 Rac8 22. Rfc1 Bxc1 0-1

[Event "*** SCC Grand Prix: Titled Tuesday Blitz"]
[Site "Chess.com"]
[Date "2020.07.21"]
[Round "7"]
[White "Evachess2006"]
[Black "bmt011"]
[Result "0-1"]
[WhiteElo "1604"]
[BlackElo "2129"]
[TimeControl "180+1"]
[EndTime "11:14:57 PDT"]
[Termination "bmt011 won on time"]

1. e4 e6 2. d4 d5 3. exd5 exd5 4. Bd3 Nc6 5. c3 Bd6 6. Nf3 Bg4 7. O-O Nce7 8. Bg5 f6 9. Bh4 Qd7 10. Re1 O-O-O 11.
Nbd2 g5 12. Bg3 Bxg3 13. hxg3 h5 14. Qe2 h4 15. gxh4 Rxh4 16. Qe3 Rh5 17. Nf1 Nf5 18. Bxf5 Bxf5 19. Ng3 Rh7 0-1

[Event "*** SCC Grand Prix: Titled Tuesday Blitz"]
[Site "Chess.com"]
[Date "2020.07.21"]
[Round "7"]
[White "boo786"]
[Black "AGW2016"]
[Result "1-0"]
[WhiteElo "2396"]
[BlackElo "2247"]
[TimeControl "180+1"]
[EndTime "11:15:07 PDT"]
[Termination "boo786 won by checkmate"]

1. Nf3 Nf6 2. c4 g6 3. Nc3 Bg7 4. e4 d6 5. d4 O-O 6. Be2 e5 7. d5 a5 8. Bg5 h6 9. Be3 Ng4 10. Bd2 f5 11. h3 Nf6 12. exf5 gxf5 13. Qc1 f4 14. g3 e4 15. Nh4 e3 16. fxe3 fxg3 17.
Qc2 Na6 18. O-O-O Nb4 19. Qg6 Qe8 20. Qxe8 Rxe8 21. Rhg1 Ne4 22. Nxe4 Rxe4 23. Rxg3 Rxh4 24. Rdg1 Bf5 25. Rxg7+ Kh8 26. a3 Nd3+ 27. Bxd3 Bxd3 28. Bc3 Rxc4 29. Rg8+ Kh7 30. R1g7# 1-0

[Event "*** SCC Grand Prix: Titled Tuesday Blitz"]
[Site "Chess.com"]
[Date "2020.07.21"]
[Round "7"]
[White "LilRag"]
[Black "petincash"]
[Result "1-0"]
[WhiteElo "2503"]
[BlackElo "2356"]
[TimeControl "180+1"]
[EndTime "11:15:15 PDT"]
[Termination "LilRag won by resignation"]

1. e4 c5 2. Nf3 g6 3. d4 cxd4 4. Nxd4 Nc6 5. Nc3 Bg7 6. Be3 Nf6 7.
Bc4 O-O 8. Bb3 d6 9. f3 Bd7 10. Qd2 Nxd4 11. Bxd4 b5 12. O-O a5 13. a3 Qc7 14.
Kh1 e5 15. Be3 Bc6 16. Rad1 Rfd8 17. Bg5 Rd7 18. Bxf6 Bxf6 19. Bd5 Bd8 20. Bxc6 Qxc6 21. Nd5 Rc8 22. c3 f5 23. f4 Re7 24. Nxe7+ 1-0